 Dungeon Crawl Stone Soup version 0.23.2-11-gf996548c65 (webtiles) character file.

Game seed: 5284449453214288745

135 steinardarri the Ruffian (level 4, 0/45 HPs)
             Began as a Troll Monk on June 5, 2019.
             Succumbed to an adder's poison
             ... on level 3 of the Dungeon.
             The game lasted 00:09:25 (1826 turns).

steinardarri the Ruffian (Troll Monk)               Turns: 1826, Time: 00:09:26

Health: 0/45       AC:  0    Str: 21 (24) XL:     4   Next: 96%
Magic:  3/3        EV: 21    Int:  4 (6)  God:
Gold:   115        SH:  0    Dex: 17 (18) Spells: 3/3 levels left

rFire    . . .     SeeInvis .     - Unarmed
rCold    . . .     Gourm    +   (shield currently unavailable)
rNeg     . . .     Faith    .   (armour currently unavailable)
rPois    .         Spirit   .   (helmet currently unavailable)
rElec    .         Reflect  .   (cloak currently unavailable)
rCorr    .         Harm     .   (gloves unavailable)
MR       .....                  (boots unavailable)
Stlth    ++........             (no amulet)
HPRegen  0.55/turn              (ring currently unavailable)
MPRegen  0.08/turn              (ring currently unavailable)

@: mighty, lethally poisoned (0 -> -1), bat-form (expiring), flying, very quick
A: tiny, unfitting armour, fast metabolism 3, gourmand, regeneration 1
a: no special abilities


You were on level 3 of the Dungeon.
You were completely stuffed.
You were in bat-form.
You visited 1 branch of the dungeon, and saw 3 of its levels.

You collected 115 gold pieces.

Inventory:

Missiles
 f - 53 stones (quivered)
Armour
 a - a +0 robe (melded)
 k - a scarf of cloud immunity (melded)
Jewellery
 e - an uncursed amulet of rage {unknown}
Scrolls
 c - 3 scrolls of identify {unknown}
 d - a scroll of enchant weapon {unknown}
 g - 2 scrolls of fog {unknown}
 o - a scroll of noise {unknown}
 q - a scroll of remove curse
Potions
 i - a potion of magic {unknown}
 l - a potion of degeneration
 n - 2 potions of heal wounds {unknown}
 p - 2 potions of brilliance {unknown}
Comestibles
 b - 7 rations
 h - 3 chunks of flesh


   Skills:
 + Level 3.1 Fighting
 + Level 0.4 Throwing
 + Level 3.1 Dodging
 - Level 1.0 Stealth
 * Level 4.5 Unarmed Combat


You had 3 spell levels left.
You didn't know any spells.
Your spell library was empty.

Dungeon Overview and Level Annotations

Branches:
Dungeon (3/15)

Altars:
Cheibriados

Annotations:
D:3 Ijyb, Sigmund


Innate Abilities, Weirdness & Mutations

You are too large for most types of armour.
((You have claws for hands.))
Your metabolism is lightning-fast.
You like to eat raw meat.
Your natural rate of healing is unusually fast.
((You are covered in fur. (AC +1)))
((You have extremely tough skin. (AC +3)))


Message History

The adder bites you.
It was a potion of degeneration.
There was something very wrong with that liquid.
You feel weakened.
You feel dopey.
You feel clumsy. The adder misses you. Ijyb hits you with a +0 dagger.
It was a potion of might.
You feel very mighty all of a sudden. Something hits you!
* * * LOW HITPOINT WARNING * * *
The adder completely misses you. Ijyb hits you with a +0 dagger.
* * * LOW HITPOINT WARNING * * *
You hit Ijyb.
Ijyb is moderately wounded.
The adder bites you.
* * * LOW HITPOINT WARNING * * *
Ijyb misses you. Something misses you.
You hit Ijyb.
Ijyb is moderately wounded.
Your surroundings suddenly seem different.
You die...

### ######### ..# #.......#
..# #.......# ..# #.......#
..# #.......# ######## .#
#......)####<.....# .#
#...........b.....##### .#
#.......####.......g.S### ###
.# #.......##
#......###.{.##... .#
#........# #.......####..#...
.#
#........###.........###.#...
.# ########.##..#######.#
#..... .# #..#..# ### .#
##.... ##....# ### # ##...
####.+ ._. ...


You could see Ijyb.

Vanquished Creatures
  Robin (D:2)
  4 adders (D:2)
  2 oozes
  A worm (D:2)
  2 dart slugs (D:1)
  A leopard gecko (D:2)
  17 goblins
  8 hobgoblins
  3 jackals (D:1)
  4 quokkas
  A ball python (D:1)
  6 bats
  4 frilled lizards (D:2)
  10 kobolds
  8 rats
72 creatures vanquished.

Notes
Turn   | Place    | Note
-------+----------+-------------------------------------------
     0 | D:1      | steinardarri the Troll Monk began the quest for the Orb.
     0 | D:1      | Reached XP level 1. HP: 22/22 MP: 0/0
    80 | D:1      | Reached XP level 2. HP: 28/29 MP: 1/1
   253 | D:1      | Reached XP level 3. HP: 36/36 MP: 2/2
   532 | D:2      | Noticed Robin
   605 | D:2      | Reached skill level 4 in Unarmed Combat
   684 | D:2      | Killed Robin
   684 | D:2      | Reached XP level 4. HP: 36/44 MP: 3/3
  1779 | D:3      | Noticed Ijyb
  1792 | D:3      | Found a snail-covered altar of Cheibriados.
  1803 | D:3      | Noticed Sigmund
  1825 | D:3      | HP: 1/45 [adder (4)]
  1826 | D:3      | Succumbed to an adder's poison

Skill      XL: |  1  2  3  4 |
---------------+-------------+-----
Unarmed Combat | 4 |  4.5
Fighting       | 3 |  3.1
Dodging        | 3 |  3.1
Throwing       | |  0.4
Stealth        | |  1.0

Action                   |  1- 3 |  4- 6 || total
-------------------------+-------+-------++-------
Melee: Unarmed           |    81 |    84 ||   165
       Punch             |       |     1 ||     1
Throw: Stone             |    18 |     8 ||    26
  Use: Scroll            |     2 |     1 ||     3
       Potion            |       |     2 ||     2
 Stab: Sleeping          |     4 |     2 ||     6
  Eat: Chunk             |    12 |    10 ||    22
Armor: Robe              |    21 |    26 ||    47
Dodge: Dodged            |    37 |    63 ||   100
